 Dungeon Crawl Stone Soup version 0.29.1-15-g9cfb28693d (webtiles) character file.

Game seed: 5234542267010601916

17018 javelincjr the Fighter (level 12, 0/94 HPs)
             Began as a Djinni Conjurer on Mar 20, 2023.
             Was a High Priest of Lugonu.
             Slain by a manticore (3 damage)
             ... on level 13 of the Dungeon.
             The game lasted 00:57:51 (11969 turns).

javelincjr the Fighter (Djinni Conjurer)           Turns: 11969, Time: 00:57:52

Health: 0/94       AC: 20    Str: 14    XL:     12   Next: 77%
Gold:   613        EV: 15    Int: 19    God:    Lugonu [*****.] SH:  0 Dex: 12

rFire   + + .      SeeInvis .   g - +4 demon blade (freeze)
rCold   x . .      Faith    .   (no shield)
rNeg    . . .      Spirit   .   H - +4 troll leather armour
rPois   ∞          Reflect  .   O - +2 helmet
rElec   .          Harm     .   p - +0 cloak
rCorr   .          Rampage  .   (no gloves)
Will    +....      Clarity  +   (boots unavailable)
Stlth   ++........              s - amulet of regeneration
HPRegen 1.85/turn               m - +4 ring of protection
MPRegen 0.00/turn               y - +4 ring of protection

@: about to teleport, spiked, flying
A: sickness immunity, fire resistance 2, cold vulnerability 1, float, innate
caster, HP casting, extra vitality 1, clarity, strong 1
a: Renounce Religion, Depart the Abyss, Bend Space, Banish, Corrupt, Enter the
Abyss


You were on level 13 of the Dungeon.
You worshipped Lugonu.
Lugonu was extremely pleased with you.
You visited 2 branches of the dungeon, and saw 15 of its levels.
You also visited: Ossuary.

You collected 613 gold pieces.

Inventory:

Hand Weapons
 g - a +4 demon blade of freezing (weapon)
 U - a +2 scimitar of holy wrath
 W - a +0 antimagic scimitar
 Z - the +5 hand axe of the Howling Butterfly {vorpal, *Rage Fly Int+10 Dex+4}
   (You found it on level 11 of the Dungeon)

   It inflicts extra damage upon your enemies.
   Int:       It affects your intelligence (+10).
   Dex:       It affects your dexterity (+4).
   Fly:       It grants you flight.
   *Rage:     It berserks you when you make melee attacks (+20% chance).
Missiles
 D - 5 silver boomerangs
Armour
 e - the +1 ring mail of Altruism {+Inv Stlth+}
   (You found it on level 7 of the Dungeon)

   +Inv:      It lets you turn invisible.
   Stlth:     It makes you more stealthy.
 p - a +0 cloak (worn)
 H - a +4 troll leather armour (worn)
 O - a +2 helmet (worn)
 S - a +2 robe of willpower
Magical Staves
 i - a staff of fire
 u - a staff of cold
Jewellery
 b - a ring of protection from fire
 c - a +6 ring of dexterity
 f - an amulet of reflection
 m - a +4 ring of protection (left hand)
 s - an amulet of regeneration (around neck)
 y - a +4 ring of protection (right hand)
 R - a ring of positive energy
Wands
 n - a wand of flame (21)
 E - a wand of mindburst (33)
 G - a wand of digging (6)
 N - a wand of quicksilver (15)
 T - a wand of roots (5)
Scrolls
 a - a scroll of butterflies
 d - a scroll of vulnerability {unknown}
 h - 3 scrolls of fear
 j - 4 scrolls of teleportation
 l - a scroll of acquirement {unknown}
 q - a scroll of torment {unknown}
 w - a scroll of brand weapon {unknown}
 C - 5 scrolls of magic mapping
 J - 2 scrolls of blinking {unknown}
 L - 2 scrolls of noise {unknown}
 P - a scroll of amnesia {unknown}
 Q - a scroll of silence {unknown}
Potions
 k - 3 potions of haste
 o - 5 potions of brilliance
 r - 3 potions of lignification
 t - 2 potions of invisibility {unknown}
 v - 4 potions of might
 x - 5 potions of curing
 z - 2 potions of flight {unknown}
 A - a potion of ambrosia {unknown}
 B - 2 potions of attraction {unknown}
 I - a potion of degeneration {unknown}
 K - a potion of mutation
 M - a potion of cancellation {unknown}
 V - a potion of resistance {unknown}
 X - 2 potions of magic {unknown}
Miscellaneous
 Y - a tin of tremorstones (2/2)


   Skills:
 * Level 11.3 Fighting
 - Level 6.5 Long Blades
 + Level 3.2 Armour
 + Level 9.2 Dodging
 - Level 2.1 Stealth
 * Level 9.6 Spellcasting
 + Level 3.2 Invocations


You had 2 spell levels left.
You knew the following spells:

 Your Spells              Type           Power      Damage    Failure   Level
a - Magic Dart            Conj           100%       1d8       1%          1
b - Searing Ray           Conj           90%        2d7       1%          2
c - Dazzling Flash        Conj/Hex       90%        N/A       1%          3
d - Fulminant Prism       Conj/Hex       22%        3d13      1%          4
e - Iskenderun's Mystic   Conj/Tloc      45%        2d10      1%          4
f - Sting                 Tmut/Pois      100%       1d8       1%          1
g - Call Imp              Summ           45%        N/A       1%          2
h - Summon Guardian Gole  Hex/Summ       45%        N/A       1%          3
i - Vampiric Draining     Necr           45%        2d9       1%          3
j - Blade Hands           Tmut           22%        N/A       4%          5
Your spell library was empty.

Dungeon Overview and Level Annotations

Branches:
Dungeon (14/15)            Temple (1/1) D:6            Lair (0/5) D:10
    Orc (0/2) D:9         Ossuary (visited)
 Vaults: D:13-14

Altars:
Ashenzari
Cheibriados
Dithmenos
Elyvilon
Fedhas
Gozag
Hepliaklqana
Makhleb
Nemelex Xobeh
Okawaru
Qazlal
Ru
Trog
Uskayaw
Wu Jian
Xom
Yredelemnul
Zin
The Shining One
Lugonu

Shops:
D:4 =   D:11 *

Portals:
Trove: D:10 (give ring of Elyvilon's Wrath)

Annotations:
D:9 2 transporters


Innate Abilities, Weirdness & Mutations

You are immune to sickness and miasma.
You are immune to poison.
Your flesh is very heat resistant. (rF++)
You are vulnerable to cold. (rC-)
You float through the air rather than walking.
You learn spells naturally, not from books.
Your magical power is your life essence.
You have superior vitality. (+4 MHP)
You possess an exceptional clarity of mind.
Your muscles are strong. (Str +4, Int/Dex -1)


Message History

You feel strangely unstable.
The centaur warrior hits you but does no damage.
The centaur warrior kicks you but does no damage.
The manticore flicks its tail.
The volley of spikes hits you!
The barbed spikes become lodged in your body.
* * * LOW HITPOINT WARNING * * *
Casting: Vampiric Draining (safe; 1% risk of failure)
Confirm with . or Enter, or press ? or * to list all spells.
Aiming: Vampiric Draining (safe; 1% risk of failure)
Press: ? - help, Shift-Dir - straight line, f/p - centaur warrior
Aim: a centaur warrior (almost dead, poisoned)
You draw life force from the centaur warrior!
You feel life coursing into your body.
* * * LOW HITPOINT WARNING * * *
The centaur warrior hits you but does no damage.
The centaur warrior kicks you but does no damage.
The centaur warrior barely misses you.
The centaur warrior kicks you but does no damage.
Casting: Vampiric Draining (safe; 1% risk of failure)
Confirm with . or Enter, or press ? or * to list all spells.
Aiming: Vampiric Draining (safe; 1% risk of failure)
Press: ? - help, Shift-Dir - straight line, f/p - centaur warrior
Aim: a centaur warrior (almost dead, poisoned)
You draw life force from the centaur warrior.
You kill the centaur warrior!
Lugonu accepts your kill.
You feel life coursing into your body.
* * * LOW HITPOINT WARNING * * *
Casting: Vampiric Draining (safe; 1% risk of failure)
Confirm with . or Enter, or press ? or * to list all spells.
Aiming: Vampiric Draining (safe; 1% risk of failure)
Press: ? - help, Shift-Dir - straight line, f - manticore
Aim: a manticore You draw life force from the manticore!
You feel life coursing into your body.
* * * LOW HITPOINT WARNING * * *
The efreet hits you with a +4 scimitar of flaming!
* * * LOW HITPOINT WARNING * * *
The manticore barely misses you. The manticore claws you.
You die...

#.# #.### #[..###
###...# #...#...#
#.#####..#
########.# ..#
.........#######.#
........H@R○c....#
#.....######)#####
...##. ...# ## .
H....: .. .#.c.#[(
## ##########


You could see a centaur warrior, a manticore and an efreet.

Vanquished Creatures
  Harold (D:10)
  2 two-headed ogres
  3 centaur warriors
  Urug (D:10)
  Amaemon (D:11)
  A deep elf pyromancer (D:14)
  5 ugly things (D:14)
  2 cyclopes (D:14)
  A manticore (D:13)
  An orange demon (D:11)
  A komodo dragon (D:8)
  A troll (D:5)
  A queen bee (shapeshifter) (D:14)
  A hornet (D:8)
  2 shadows
  6 yaks (D:9)
  A wyvern (D:11)
  3 steam dragons
  5 vampire mosquitoes
  2 water moccasins (D:5)
  6 orc warriors
  3 black bears
  An ice beast (D:7)
  4 centaurs
  2 phantoms
  2 bullfrogs
  2 kobold brigands
  4 gnoll sergeants
  A necrophage (D:5)
  7 scorpions
  3 wights (D:7)
  8 howler monkeys
  A centaur zombie (Ossuary)
  7 jellies
  7 hounds
  A gnoll bouda (D:6)
  7 orc priests
  5 iguanas
  16 orc wizards
  6 mummies
  18 gnolls
  9 adders
  2 shadow imps
  A white imp (D:8)
  An ufetubus (D:6)
  2 worms (D:2)
  2 dart slugs
  40 orcs
  5 ball pythons
  4 bats
  10 endoplasms
  7 giant cockroaches
  5 goblins
  7 hobgoblins
  3 jackals (D:1)
  2 quokkas (D:5)
  3 frilled lizards
  4 hobgoblin zombies
  7 kobolds
  A kobold zombie (D:4)
  A rat (D:3)
268 creatures vanquished.

Vanquished Creatures (collateral kills)
  2 gnolls (D:4)
  An orc (D:5)
3 creatures vanquished.

Vanquished Creatures (others)
  A centaur warrior (D:14)
  A shadow (D:13)
  56 fulminant prisms
  28 fungi
  17 plants (D:10)
103 creatures vanquished.

Grand Total: 374 creatures vanquished

Notes
Turn   | Place    | Note
-------+----------+-------------------------------------------
     0 | D:1      | javelincjr the Djinni Conjurer began the quest for the Orb.
     0 | D:1      | javelincjr set off with the following spells memorised:
                  | Magic Dart, Searing Ray, Dazzling Flash, Fulminant Prism,
                  | Iskenderun's Mystic Blast.
     0 | D:1      | Reached XP level 1. HP: 15/15 MP: 0/0
   283 | D:1      | Reached XP level 2. HP: 19/21 MP: 0/0
   821 | D:1      | Reached XP level 3. HP: 23/25 MP: 0/0
   821 | D:1      | Learned a level 1 spell: Sting
  1498 | D:2      | Reached skill level 1 in Fighting
  1501 | D:2      | Reached XP level 4. HP: 24/32 MP: 0/0
  2550 | D:3      | Found a faded altar of an unknown god.
  2560 | D:3      | Prayed at the altar of an unknown god.
  2560 | D:3      | Became a worshipper of Lugonu the Unformed
  2560 | D:3      | Reached * piety under Lugonu
  2560 | D:3      | Reached ** piety under Lugonu
  2945 | D:4      | Found Riso's Jewellery Emporium.
  2962 | D:4      | Reached skill level 1 in Long Blades
  2962 | D:4      | Reached XP level 5. HP: 36/37 MP: 0/0
  2962 | D:4      | Learned a level 2 spell: Call Imp
  2999 | D:4      | Found a sand-covered staircase.
  3237 | Ossuary  | Entered an ossuary
  3259 | Ossuary  | Reached skill level 2 in Fighting
  3266 | Ossuary  | Reached XP level 6. HP: 22/44 MP: 0/0
  3299 | Ossuary  | HP: 2/44 [mummy (4)]
  3303 | Ossuary  | Gained mutation: Armour fits poorly on your strangely
                  | shaped body. [potion of mutation]
  3569 | Ossuary  | Lost mutation: Armour fits poorly on your strangely shaped
                  | body. [potion of mutation]
  3569 | Ossuary  | Gained mutation: Your spells are a little easier to cast,
                  | but a little less powerful. [potion of mutation]
  3569 | Ossuary  | Gained mutation: Your mind is acute. (Int +4, Str/Dex -1)
                  | [potion of mutation]
  3768 | D:4      | Noticed a black bear
  3777 | D:4      | Killed a black bear
  3778 | D:4      | Reached skill level 3 in Fighting
  4061 | D:4      | Reached XP level 7. HP: 39/50 MP: 0/0
  4061 | D:4      | Learned a level 3 spell: Summon Guardian Golem
  4649 | D:4      | Reached *** piety under Lugonu
  4984 | D:5      | Entered Level 5 of the Dungeon
  5041 | D:5      | Reached skill level 4 in Fighting
  5215 | D:5      | Reached XP level 8. HP: 48/58 MP: 0/0
  5218 | D:5      | Reached skill level 5 in Spellcasting
  5439 | D:5      | Reached skill level 5 in Fighting
  5447 | D:5      | Reached skill level 5 in Dodging
  5817 | D:5      | Noticed a +0 falchion
  5817 | D:5      | Noticed a +0 spear
  5818 | D:5      | Noticed a +0 short sword
  5819 | D:5      | Noticed a +0 short sword
  5819 | D:5      | Noticed a +0 dagger
  5820 | D:5      | Noticed a +0 falchion
  5826 | D:5      | Noticed a +0 dagger
  5826 | D:5      | Noticed a +0 spear
  5959 | D:5      | Found a hide-covered altar of Uskayaw.
  6067 | D:5      | Noticed a troll
  6070 | D:5      | Reached XP level 9. HP: 52/65 MP: 0/0
  6070 | D:5      | Learned a level 3 spell: Vampiric Draining
  6078 | D:5      | Killed a troll
  6079 | D:5      | Reached skill level 6 in Fighting
  6684 | D:6      | Found a staircase to the Ecumenical Temple.
  6689 | Temple   | Entered the Ecumenical Temple
  6795 | Temple   | Lost mutation: Your mind is acute. (Int +4, Str/Dex -1)
                  | [potion of mutation]
  6795 | Temple   | Lost mutation: Your spells are a little easier to cast, but
                  | a little less powerful. [potion of mutation]
  6795 | Temple   | Gained mutation: You occasionally lose the ability to read
                  | scrolls when taking damage. [potion of mutation]
  6795 | Temple   | Gained mutation: Your muscles are strong. (Str +4, Int/Dex
                  | -1) [potion of mutation]
  6795 | Temple   | Gained mutation: You are frail. (-10% HP) [potion of
                  | mutation]
  6795 | Temple   | Gained mutation: You are partially covered in iridescent
                  | scales. (AC +2) [potion of mutation]
  6796 | Temple   | Lost mutation: You are partially covered in iridescent
                  | scales. (AC +2) [potion of mutation]
  6796 | Temple   | Lost mutation: You occasionally lose the ability to read
                  | scrolls when taking damage. [potion of mutation]
  6796 | Temple   | Lost mutation: You are frail. (-10% HP) [potion of
                  | mutation]
  6796 | Temple   | Gained mutation: You possess an exceptional clarity of
                  | mind. [potion of mutation]
  7002 | D:6      | Reached **** piety under Lugonu
  7290 | D:6      | Reached skill level 7 in Fighting
  7544 | D:7      | Reached XP level 10. HP: 71/75 MP: 0/0
  7555 | D:7      | Identified the +1 ring mail of Altruism {+Inv Stlth+}
  8388 | D:8      | Reached skill level 8 in Fighting
  8422 | D:8      | Reached skill level 5 in Long Blades
  8428 | D:8      | Noticed a komodo dragon
  8444 | D:8      | Killed a komodo dragon
  8954 | D:8      | Found an ornate altar of the Wu Jian Council.
  9140 | D:9      | Reached ***** piety under Lugonu
  9141 | D:9      | Reached XP level 11. HP: 82/82 MP: 0/0
  9141 | D:9      | Learned a level 5 spell: Blade Hands
  9170 | D:9      | Reached skill level 9 in Fighting
  9209 | D:9      | Found a corrupted altar of Lugonu.
  9210 | D:9      | Noticed a purple ugly thing
  9210 | D:9      | Noticed a white ugly thing
  9210 | D:9      | Noticed a cyan ugly thing
  9211 | D:9      | Noticed a cyan ugly thing
  9271 | D:9      | Found a burning altar of Makhleb.
  9340 | D:9      | Found a staircase to the Orcish Mines.
  9393 | D:9      | Found a transporter.
  9398 | D:9      | Found a transporter.
  9558 | D:10     | Entered Level 10 of the Dungeon
  9560 | D:10     | Noticed Urug
  9576 | D:10     | Killed Urug
  9612 | D:10     | Noticed Harold
  9834 | D:10     | Found a staircase to the Lair.
  9886 | D:10     | Found a blossoming altar of Fedhas.
  9899 | D:10     | Killed Harold
  9952 | D:10     | Found a portal to a secret trove of treasure.
 10519 | D:11     | Noticed a two-headed ogre
 10529 | D:11     | Killed a two-headed ogre
 10530 | D:11     | Reached skill level 10 in Fighting
 10544 | D:11     | Noticed Amaemon
 10558 | D:11     | Killed Amaemon
 10870 | D:11     | Identified the +5 hand axe of the Howling Butterfly
                  | {vorpal, *Rage Fly Int+10 Dex+4}
 10899 | D:11     | Found a shadowy altar of Dithmenos.
 10934 | D:11     | Found Lanes's General Store.
 11679 | D:12     | You are sucked into a shaft and drop 2 floors!
 11682 | D:14     | Noticed a cyclops
 11685 | D:14     | Noticed a centaur warrior
 11691 | D:14     | Killed a cyclops
 11700 | D:14     | Killed a centaur warrior
 11701 | D:14     | Reached skill level 1 in Armour
 11701 | D:14     | Reached skill level 1 in Invocations
 11701 | D:14     | Reached XP level 12. HP: 55/92 MP: 0/0
 11703 | D:14     | Noticed a centaur warrior
 11716 | D:14     | Killed a centaur warrior
 11762 | D:14     | Reached skill level 11 in Fighting
 11839 | D:13     | Noticed a centaur warrior
 11859 | D:13     | Killed a centaur warrior
 11944 | D:13     | Noticed a centaur warrior
 11944 | D:13     | Noticed a two-headed ogre
 11944 | D:13     | Noticed a centaur warrior
 11949 | D:13     | Noticed a centaur warrior
 11951 | D:13     | Killed a two-headed ogre
 11968 | D:13     | Killed a centaur warrior
 11969 | D:13     | HP: 3/94 [efreet/+4 scimitar of flaming (12)]
 11969 | D:13     | Slain by a manticore

Illustrated notes

Levels and vault maps discovered:
D:1:      eino_arrival_tree_alley, layout_rooms
D:2:      layout_basic
D:3:      layout_loops_ring, shapermc_ecumenical_altar_notcrosses,
          kennysheep_generic_room_16
D:4:      layout_loops_cross, serial_shops, nicolae_diamond_shop,
          nicolae_ossuary_entry_giza, dreamdust_gnoll_farm
D:5:      minmay_opposing_rooms, layout_basic, nicolae_uskayaw_en_pointe,
          minmay_joined_circles
D:6:      layout_loops_ring, minmay_temple_entry_nine_rooms,
          hangedman_decor_points, feat_on_display
D:7:      layout_basic
D:8:      layout_loops_ring, nicolae_wu_jian_immortal_techniques
D:9:      gammafunk_corrupted_shrine, layout_rooms,
          mainiacjoe_overflow_24_doors, david_orc_3
D:10:     layout_cave_pods, mainiacjoe_overflow_chevrons, dpeg_oklobed_lair,
          nicolae_trove_entry_free_sample, uniq_harold, uniq_urug
D:11:     layout_layer_cave, serial_shops, nicolae_shop_statue_plus,
          nicolae_dithmenos_the_darkroom, uniq_amaemon
D:12:     layout_irregular_city
D:13:     minmay_thinvault, layout_small_grid
D:14:     dreamdust_dug_too_deep, layout_cave_pools, david_vaults_4,
          gammafunk_ghost_crypt, tso_altar, portal_ice_cave_entry_pillars_three,
          kiku_gazebo_pond_becter
Temple:   compressed_dpeg_circular_temple

Skill      XL: |  1  2  3  4  5  6  7  8  9 10 11 12 |
---------------+-------------------------------------+-----
Stealth        | 2 |  2.1
Fighting       | 1 2 3 4 5 7 8 10 11 | 11.3
Dodging        | 3 4 5 6 7 8 9 |  9.2
Long Blades    | 1 2 3 4 5 6 |  6.5
Spellcasting   | 4 5 6 7 8 9 |  9.6
Armour         | 1 3 |  3.2
Invocations    | 1 3 |  3.2

Action                   |  1- 3 |  4- 6 |  7- 9 | 10-12 || total
-------------------------+-------+-------+-------+-------++-------
Melee: Demon blade       |     6 |    33 |    65 |    17 ||   121
       Punch             |       |     1 |     1 |       ||     2
 Cast: Magic Dart        |    59 |    74 |    69 |    91 ||   293
       Searing Ray       |     2 |    11 |     5 |     1 ||    19
       Iskenderun's Myst |       |       |    30 |    38 ||    68
       Call Imp          |       |       |     2 |     3 ||     5
       Fulminant Prism   |       |       |     5 |    51 ||    56
       Vampiric Draining |       |       |    21 |   169 ||   190
       Sting             |       |       |       |     9 ||     9
       Summon Guardian G |       |       |       |     2 ||     2
Invok: Bend Space        |       |       |       |     1 ||     1
  Use: Potion            |       |     5 |     2 |     1 ||     8
       Scroll            |       |     3 |     8 |     7 ||    18
 Stab: Sleeping          |       |       |     1 |       ||     1
Armor: Leather armour    |     2 |    34 |    26 |       ||    62
       Skin              |       |     6 |       |       ||     6
       Troll leather arm |       |       |     9 |    98 ||   107
Dodge: Dodged            |     3 |    52 |    60 |   155 ||   270
Block: Other             |     2 |    15 |    17 |       ||    34
